 Dungeon Crawl Stone Soup version 0.17.2-1-ge4368a0 (webtiles) character file.

536 mrath the Chopper (level 7, 0/60 HPs)
             Began as a Hill Orc Abyssal Knight on Sept 28, 2016.
             Was a Believer of Lugonu.
             Slain by an orc
             ... wielding a +0 trident
              (4 damage)
             ... on level 5 of the Dungeon.
             The game lasted 00:19:51 (5744 turns).

mrath the Chopper (Hill Orc Abyssal Knight)         Turns: 5744, Time: 00:19:51

Health: 0/60       AC:  6    Str: 17    XL:     7   Next: 25%
Magic:  0/9        EV: 10    Int: 12    God:    Lugonu [**....]
Gold:   169        SH:  0    Dex: 10    Spells: 0 memorised, 8 levels left

rFire  x . .     SeeInvis .     a - +1 hand axe
rCold  + . .     Clarity  .     E - +0 scale mail
rNeg   . . .     SustAt   .     (no shield)
rPois  .         Gourm    .     (no helmet)
rElec  .         Spirit   +     (no cloak)
rCorr  .         Warding  .     (no gloves)
rMut   .         Stasis   .     (no boots)
MR     .....                    A - amulet of guardian spirit
Stlth  ..........               q - ring of ice
                                p - ring of wizardry

@: not resistant to hostile enchantments, extremely unstealthy
A: no striking features
a: Depart the Abyss, Bend Space, Renounce Religion, Convert to Beogh


You were on level 5 of the Dungeon.
You worshipped Lugonu.
Lugonu was pleased with you.
You were hungry.

You visited 1 branch of the dungeon, and saw 5 of its levels.
You visited the Abyss 1 time.

You collected 169 gold pieces.

Inventory:

Hand Weapons
 a - a +1 hand axe (weapon)
 k - a +0 spear
 s - a cursed -2 spear
 z - a +0 hunting sling
Missiles
 i - 109 stones
 w - 3 silver tomahawks (quivered)
 y - 20 sling bullets
Armour
 b - a +0 leather armour
 x - a +0 ring mail
 E - a +0 scale mail (worn)
Jewellery
 p - a ring of wizardry (left hand)
 q - a ring of ice (right hand)
 A - an amulet of guardian spirit (around neck)
Wands
 t - a wand of flame (12)
 B - a wand of paralysis (19)
Scrolls
 d - 2 scrolls of teleportation {unknown}
 j - 2 scrolls of amnesia {unknown}
 l - 2 scrolls of enchant weapon {unknown}
 m - a scroll of magic mapping {unknown}
 r - 2 scrolls of noise {unknown}
 u - 2 scrolls of remove curse
 v - a scroll of identify
 D - a scroll of blinking {unknown}
Potions
 e - 2 potions of resistance {unknown}
 f - 4 potions of agility
 n - 3 potions of haste {unknown}
 C - a potion of flight {unknown}
Comestibles
 c - 3 bread rations
 g - 2 beef jerkies
 h - 4 meat rations
 o - 3 fruits


   Skills:
 + Level 4.7 Fighting
 + Level 6.7 Axes
 + Level 3.2 Armour
 + Level 2.0 Dodging
 + Level 1.2 Spellcasting
 + Level 3.9 Invocations
 + Level 1.9 Evocations


You had 8 spell levels left.
You didn't know any spells.

Dungeon Overview and Level Annotations

Branches:
Dungeon (5/15)
 Temple: D:4-7

Altars:
Nemelex Xobeh
Ru
The Shining One

Shops:
D:4 %

Annotations:
D:4 Goblin1989's ghost, novice DsFi


Message History

Something smites you! The orc barely misses you.
You closely miss the orc.
The orc priest shouts, "Beogh is our master!
Accept the truth or die!"
The orc barely misses you. x2
The orc priest invokes the aid of Beogh against you.
Something smites you!
* * * LOW HITPOINT WARNING * * *
The orc priest invokes the aid of Beogh against you.
Something smites you!
* * * LOW HITPOINT WARNING * * *
Read which item? (? for menu, Esc to quit)
As you read the scroll labeled AZXO KEJUPNY, it crumbles to dust.
You feel blessed for a moment.
It was a scroll of remove curse.
The orc closely misses you.
You hit the orc but do no damage. The orc closely misses you.
You hit the orc.
The orc is heavily wounded.
The orc priest casts a cantrip, but nothing happens.
The orc hits you with a trident.
You die...

#..# #.#.##.# ..#.##.#
....##.# ####.#..#
#.#.## # #.#.# #.
#####.#.# ###
#..####.....#.######...
#.oooo@...........†.>..
##.####.##..#.###.....#
# #.##..#.......#..
#.##..#####.....#
......# #..#.## #.###.#
#..#.# #.# #.# #..#.#
#.# #.# #..#.#


You could see an orc priest and 3 orcs.

Vanquished Creatures
  A centaur (D:4)
  A gnoll sergeant (D:4)
  2 scorpions
  A hound (D:5)
  3 worker ants
  A hound skeleton (D:4)
  Robin (D:4)
  3 gnolls
  6 adders
  An ooze (D:3)
  An adder skeleton (D:4)
  2 orcs
  A ball python (D:2)
  4 giant cockroaches
  15 goblins
  9 hobgoblins
  2 jackals (D:1)
  7 kobolds
  A quokka (D:2)
  8 bats
  4 giant geckos
  6 giant newts
  A jackal skeleton (D:4)
  7 rats
88 creatures vanquished.

Notes
Turn   | Place    | Note
--------------------------------------------------------------
     0 | Abyss:1  | mrath the Hill Orc Abyssal Knight began the quest for the Orb.
     0 | Abyss:1  | Reached XP level 1. HP: 19/19 MP: 2/2
     0 | D:1      | Escaped the Abyss
   367 | D:1      | Reached XP level 2. HP: 21/26 MP: 3/3
   470 | D:1      | Reached * piety under Lugonu
   698 | D:2      | Reached skill level 4 in Axes
   962 | D:2      | Reached XP level 3. HP: 28/31 MP: 4/4
  1256 | D:2      | Reached skill level 5 in Axes
  1473 | D:2      | Found a sacrificial altar of Ru.
  1580 | D:2      | Found a glowing golden altar of the Shining One.
  1792 | D:2      | Reached XP level 4. HP: 32/39 MP: 5/5
  2408 | D:3      | Reached skill level 6 in Axes
  2433 | D:3      | Reached ** piety under Lugonu
  2445 | D:3      | Found a sparkling altar of Nemelex Xobeh.
  2585 | D:3      | Found a faded altar to an unknown god.
  3427 | D:4      | Noticed Robin
  3457 | D:3      | Reached skill level 1 in Dodging
  3457 | D:3      | Reached XP level 5. HP: 29/46 MP: 6/6
  3908 | D:4      | Noticed a centaur
  3920 | D:4      | Killed a centaur
  3920 | D:4      | Reached skill level 1 in Evocations
  3920 | D:4      | Reached XP level 6. HP: 39/52 MP: 6/8
  3995 | D:4      | Noticed Goblin1989's ghost (novice DsFi)
  4348 | D:4      | Paralysed by a goblin for 2 turns
  4351 | D:4      | Killed Robin
  4679 | D:4      | Found Ibaewipn's Food Emporium.
  4905 | D:5      | Entered Level 5 of the Dungeon
  5092 | D:4      | Reached skill level 1 in Spellcasting
  5092 | D:4      | Reached XP level 7. HP: 28/60 MP: 3/9
  5744 | D:5      | Slain by an orc

Action                   |  1- 3 |  4- 6 |  7- 9 || total
-------------------------+-------+-------+-------++-------
Melee: Hand axe          |   105 |   221 |    34 ||   360
Throw: Tomahawk          |       |     5 |       ||     5
Invok: Depart the Abyss  |     1 |       |       ||     1
  Use: Scroll            |       |     3 |     1 ||     4
  Eat: Chunk             |     3 |    10 |     2 ||    15
